 Dungeon Sprint DCSS version 0.28.0-43-g3370ac3207 (webtiles) character file.

Game seed: 7777097600351520110

2 boopmooplesden the Slasher (level 1, -2/20 HPs)
             Began as a Minotaur Berserker on Mar 30, 2022.
             Was a Follower of Trog.
             Slain by a gnoll
             ... wielding a +0 spear
              (8 damage)
             ... while paralysed by a floating eye
             ... in the Dungeon (Sprint VII: "The Pits").
             The game lasted 00:00:17 (52 turns).

boopmooplesden the Slasher (Minotaur Berserker)       Turns: 52, Time: 00:00:17

Health: -2/20      AC:  2    Str: 21    XL:     1   Next: 25%
Magic:  0/0        EV:  2    Int:  4    God:    Trog [*.....]
Gold:   0          SH:  0    Dex:  9    Spells: 0/0 levels left

rFire   . . .      SeeInvis .   i - +2 falchion
rCold   . . .      Faith    .   (no shield)
rNeg    . . .      Spirit   .   b - +0 animal skin
rPois   .          Reflect  .   (helmet restricted)
rElec   .          Harm     .   (no cloak)
rCorr   .          Rampage  .   (no gloves)
Will    .....      NoTele   +   (no boots)
Stlth   +.........              (no amulet)
HPRegen 0.06/turn               (no ring)
MPRegen 0.07/turn               (no ring)

@: paralysed
A: horns 2, retaliatory headbutt
a: Renounce Religion, Berserk


You were in the Dungeon.
You worshipped Trog.
Trog was aware of your devotion.
You visited 1 branch

Inventory:

Hand Weapons
 a - a +0 falchion
 i - a +2 falchion (weapon)
Armour
 b - a +0 animal skin (worn)
Scrolls
 h - a scroll of blinking
 k - a scroll of summoning
Potions
 c - a potion of curing
 d - a potion of heal wounds
 e - a potion of haste
 f - 4 potions of magic
 g - 3 potions of berserk rage
 j - 2 potions of invisibility


   Skills:
 + Level 4.1 Fighting
 + Level 4.1 Long Blades
 + Level 2.6 Armour
 + Level 2.3 Dodging


You couldn't memorise any spells.
You didn't know any spells.
Your spell library was empty.

Dungeon Overview and Level Annotations

Branches:
Dungeon (1/1)

Altars:


Innate Abilities, Weirdness & Mutations

You have a pair of horns on your head.
You reflexively headbutt those who attack you in melee.


Message History

2 scrolls of vulnerability; 5 scrolls of amnesia You see here 10 stones.
i - a +2 falchion (weapon)
There is an open door here.
Things that are here:
a +2 mace; a +2 hand axe You see here a +2 dagger.
Things that are here:
a +2 quarterstaff; a +2 trident
There is an open door here.
As you open the door, it creaks loudly!
A bat comes into view.
The bat barely misses you. You furiously retaliate!
You headbutt the bat.
You kill the bat!
Trog accepts your kill.
Your Fighting skill increases to level 4!
Your Long Blades skill increases to level 4!
There is an open door here.
You open the door.
A floating eye comes into view.
A gnoll comes into view. It is wielding a +0 spear.
The gnoll shouts!
The floating eye turns its gaze towards you.
The gnoll barely misses you.
There is an open door here.
You hit the floating eye.
The floating eye is lightly wounded.
The gnoll hits you with a +0 spear.
You slash the floating eye!
The floating eye is heavily wounded.
The floating eye seems to glare at you. The gnoll barely misses you.
You hit the floating eye.
The floating eye is severely wounded.
The floating eye gazes piercingly through you!
You suddenly lose the ability to move!
The gnoll hits you with a +0 spear. The gnoll hits you with a +0 spear.
* * * LOW HITPOINT WARNING * * *
The gnoll hits you with a +0 spear!
You die...

##########++
##########+##...........
#.?(.')))'.##......#..#
##########.##..........
#..........)'...........
+#####'#####......#..#.
#..#g.##...........
+..@G.#####'#####+
####+###.......#
#.......# #.......#
#...<...# #.......#
#.......# #.......#
#########


You could see a floating eye and a gnoll.

Vanquished Creatures
  A bat (D)
  A goblin (D)
2 creatures vanquished.

Notes
Turn   | Place    | Note
-------+----------+-------------------------------------------
     0 | D        | boopmooplesden the Minotaur Berserker began the quest for
                  | the Orb.
     0 | D        | Reached XP level 1. HP: 19/19 MP: 0/0
    46 | D        | Noticed a floating eye
    50 | D        | Paralysed by a floating eye for 3 turns
    52 | D        | Slain by a gnoll

Illustrated notes

Levels and vault maps discovered:
D:        pitsprint [storerooms_1, entrance_room_1, metal_vault_4, armoury_1,
          mini_pit_1, grid_room_1, main_hall_1, silver_pit, the_coven_3,
          the_vestibule_1, steel_vault_4, golden_pit, hallway_of_sentries,
          crystal_vault_2, iron_vault_5, final_vault]

Skill      XL: |  1 |
---------------+----+-----
Fighting       | 4 |  4.1
Long Blades    | 4 |  4.1
Armour         | |  2.6
Dodging        | |  2.3

Action                   || total
-------------------------++-------
Melee: Falchion          ||     7
       Headbutt          ||     1
Armor: Animal skin       ||     3
Dodge: Dodged            ||     5
